 Dungeon Crawl Stone Soup version 0.30-a0-777-ga9a30cbeda (webtiles) character file.

Game seed: 4554054909347273401

45563 Esekla the Thaumaturge (level 13, 0/71 HPs)
             Began as a Vine Stalker Delver on Feb 14, 2023.
             Was an Elder of Vehumet.
             Slain by a ghost moth (7 damage)
             ... on level 3 of the Abyss.
             The game lasted 02:42:26 (16868 turns).

Esekla the Thaumaturge (Vine Stalker Delver)       Turns: 16868, Time: 02:42:26

Health: 0/71       AC:  9    Str: 15 (16) XL:     13   Next: 65%
Magic:  0/29       EV: 14    Int: 11 (13) God:    Vehumet [****..]
Gold:   164        SH:  0    Dex: 23 (25) Spells: 12/34 levels left

rFire   . . .      SeeInvis .    a - +4 long sword (freeze)
rCold   + + .      Faith    .    (no shield)
rNeg    . . .      Spirit   +    O - +4 troll leather armour
rPois   +          Reflect  .    (no helmet)
rElec   .          Harm     .    D - +0 cloak
rCorr   .          Rampage  .    u - +0 pair of gloves
Will    +....                    (no boots)
Stlth   +                        m - amulet of magic regeneration
HPRegen 0.00/turn                h - ring of poison resistance
MPRegen 0.61/turn                f - +6 ring of dexterity

@: confused, about to teleport, ambrosia-drunk, freezing walls, sick, unable to
read
A: fangs 3, regeneration 1, magic shield, antimagic bite, no potion heal 2,
agile 1, cold resistance 2, robust 1, [deformed body], [subdued magic 3],
[inability to read after injury 2]
}: 1/15 runes: abyssal
a: Renounce Religion


You were on level 3 of the Abyss.
You worshipped Vehumet.
Vehumet was greatly pleased with you.
You visited 3 branches of the dungeon, and saw 16 of its levels.
You visited the Abyss 1 time.
You also visited: Bailey.

You collected 1075 gold pieces.
You spent 911 gold pieces at shops.

Inventory:

Hand Weapons
 a - a +4 long sword of freezing (weapon)
 c - a +3 great sword
 r - a +4 spear
 s - a +3 dagger of venom
 A - a +0 dagger of protection
 M - a +2 scimitar
Missiles
 q - 14 poisoned darts
 y - 3 javelins
 B - 4 curare-tipped darts
 G - 5 boomerangs (quivered)
 K - 7 throwing nets
Armour
 u - a +0 pair of gloves (worn)
 D - a +0 cloak (worn)
 O - a +4 troll leather armour (worn)
Magical Staves
 d - a staff of death
Jewellery
 b - a ring of protection from fire
 f - a +6 ring of dexterity (right hand)
 h - a ring of poison resistance (left hand)
 l - a ring of wizardry
 m - an amulet of magic regeneration (around neck)
 I - a ring of flight
 R - a ring of resist corrosion
Wands
 e - a wand of roots (19)
 g - a wand of digging (3)
 i - a wand of mindburst (10)
Scrolls
 j - 5 scrolls of teleportation
 n - 2 scrolls of enchant armour
 o - 5 scrolls of magic mapping
 v - a scroll of blinking
 x - 2 scrolls of poison {unknown}
 F - a scroll of amnesia {unknown}
 J - a scroll of enchant weapon
 N - 3 scrolls of fog
 Q - a scroll of fear
 S - a scroll of silence {unknown}
Potions
 k - 4 potions of curing
 p - a potion of attraction
 w - 2 potions of brilliance
 z - 4 potions of might
 C - 2 potions of mutation
 E - 3 potions of cancellation
 H - a potion of resistance
 L - a potion of berserk rage
 P - a potion of flight


   Skills:
 + Level 5.9 Fighting
 + Level 1.6(6.8) Short Blades
 * Level 10.4(10.5) Long Blades
 + Level 1.1 Staves
 + Level 3.5 Throwing
 + Level 4.2 Armour
 + Level 4.4 Dodging
 - Level 7.1 Stealth
 * Level 11.2 Spellcasting
 * Level 3.1 Conjurations
 * Level 8.0 Necromancy
 * Level 2.4 Transmutations
 + Level 4.9 Ice Magic
 + Level 6.3 Air Magic
 + Level 4.1 Poison Magic
 + Level 1.1 Evocations


You had 12 spell levels left.
You knew the following spells:

 Your Spells              Type           Power      Damage    Failure   Level
d - Vampiric Draining     Necr           12%        2d6       1%          3
i - Irradiate             Conj/Tmut      3%         3d12      22%         5
j - Arcjolt               Conj/Air       4%         1d14      11%         5
k - Airstrike             Air            5%         2d(1-17)  1%          4
r - Frozen Ramparts       Ice            18%        1d3       1%          3
v - Poisonous Vapours     Pois/Air       18%        N/A       1%          2

Your spell library contained the following spells:

 Spells                   Type           Power      Damage    Failure   Level
 Slow                     Hex            12%        N/A       8%          1
 Call Canine Familiar     Summ           3%         N/A       26%         3
 Confusing Touch          Hex            3%         N/A       26%         3
 Portal Projectile        Hex/Tloc       6%         N/A       26%         3
 Tukima's Dance           Hex            3%         N/A       26%         3
 Conjure Ball Lightning   Conj/Air       4%         3x3d6     50%         6
 Lee's Rapid Deconstruct  Erth           1%         3d4*      56%         5
 Leda's Liquefaction      Hex/Erth       1%         N/A       69%         4
 Blade Hands              Tmut           3%         N/A       71%         5
 Summon Forest            Summ/Tloc      1%         N/A       96%         5
 Summon Mana Viper        Hex/Summ       3%         N/A       96%         5
 Statue Form              Tmut/Erth      2%         N/A       100%        6
 Summon Cactus Giant      Summ           1%         N/A       100%        6
 Dragon Form              Tmut           3%         N/A       100%        7
 Discord                  Hex            1%         N/A       100%        8
 Disjunction              Tloc           1%         N/A       100%        8


Dungeon Overview and Level Annotations

Branches:
Dungeon (12/15)            Temple (1/1) D:6            Lair (3/5) D:10
 Shoals (0/4) Lair:2        Snake (0/4) Lair:2          Orc (0/2) D:12
 Bailey (visited)

Altars:
Elyvilon
Gozag
Hepliaklqana
Kikubaaqudgha
Makhleb
Nemelex Xobeh
Okawaru
Qazlal
Ru
Uskayaw
Vehumet
Wu Jian
Xom
Yredelemnul
The Shining One

Shops:
D:1 !?(   D:3 [   D:5 *   D:7 (=([   D:10 =   D:12 (

Portals:
Trove: D:11 (show abyssal rune of Zot)

Annotations:
D:11 exclusion: ice statue
D:12 Sonja


Innate Abilities, Weirdness & Mutations

You have razor-sharp teeth.
Your natural rate of healing is unusually fast.
When hurt, damage is shared between your health and your magic reserves.
Your bite disrupts and absorbs the magic of your enemies.
Potions cannot restore your health.
You are agile. (Dex +4, Str/Int -1)
Your flesh is very cold resistant. (rC++)
You are robust. (+10% HP)
[Armour fits poorly on your strangely shaped body.]
[Your spells are much easier to cast, but much less powerful.]
[You sometimes lose the ability to read scrolls when taking damage.]


Message History

Deactivating autopickup; reactivate with Ctrl-A.
Something hits you but does no damage. Something stings you.
You feel clumsy.
Aiming: Fastroot
Press: ? - help, Shift-Dir - straight line, f - starcursed mass
Aim: a starcursed mass (lightly damaged)
The roots erupt in riotous growth!
Roots grab the starcursed mass.
The wretched star is unaffected.
Roots grab the starcursed mass.
Roots grab the ancient zyme.
The grasping roots constrict the ancient zyme.
The grasping roots constrict the starcursed mass, but do no damage.
The grasping roots constrict the starcursed mass.
You hear a chilling moan.
You hear a shout!
The starcursed mass shudders and is absorbed by its neighbour.
The roots lose their grip on the starcursed mass.
The ancient zyme struggles to escape constriction.
You feel ill. A chorus of shrieks assaults your mind.
You feel threatened and lose the ability to read scrolls!
A starcursed mass splits.
Roots grab the starcursed mass.
The wall freezes something but does no damage.
You feel you are being watched by something.
Something hits you!! Something hits you!
* * * LOW HITPOINT WARNING * * *
Something stings you!
* * * LOW HITPOINT WARNING * * *
You feel weakened.
You hear a bark!
You are confused.
Your system rejects the healing.
You feel invigorated.
The grasping roots constrict the ancient zyme.
The grasping roots constrict the starcursed mass. x2
The roots release their grip on the ancient zyme.
The starcursed mass shudders and is absorbed by its neighbour.
The roots lose their grip on the starcursed mass.
The wall freezes the wretched star but does no damage.
The wall freezes something.
Something hits you!
You die...

# ..### ..
.... .
.#.## # . .
. .. #.∩
+.)# #.. .
. .#.'####
.. . . . #
.###.#⌠ . #
X.c#
#####.# .
.. #. #
##xx.'##.#.
##*.k.X## .
#@.X#..
##.....# .
##...##
#####.. #
..


You could see 2 starcursed masses, a wretched star, an ancient zyme, a
worldbinder and a swamp drake (summoned).

Vanquished Creatures
  2 tentacled starspawn (Abyss:3)
  A ghost moth (Abyss:3)
  A catoblepas (D:10)
  An entropy weaver (Abyss:3)
  A vault guard (D:11)
  A boulder beetle (D:11)
  3 two-headed ogres
  A satyr (Abyss:3)
  A thrashing horror (Abyss:3)
  3 harpies (Lair:2)
  Pikel (D:6)
  A deep elf pyromancer (D:12)
  A manticore (D:11)
  An ugly thing (D:12)
  12 elephants (Lair:1)
  An apocalypse crab (Abyss:3)
  A black mamba (Lair:1)
  2 cane toads
  2 gargoyles
  A rime drake (D:10)
  3 komodo dragons
  3 trolls
  4 blink frogs
  9 slime creatures
  2 shadows (D:11)
  A ynoxinul (Abyss:3)
  A culicivora (shapeshifter) (Abyss:3)
  A vampire (D:12)
  18 yaks
  Sigmund (D:3)
  3 wraiths
  A basilisk (Lair:1)
  5 wyverns
  2 vampire mosquitoes (D:12)
  A chaos spawn (Abyss:3)
  3 nagas (Lair:2)
  A small abomination (Abyss:3)
  4 water moccasins
  Duvessa (D:5)
  A black bear (Temple)
  3 sky beasts (D:7)
  An orc warrior (D:9)
  9 wolves
  A centaur (D:10)
  A phantom (D:6)
  A kobold brigand (D:7)
  8 bullfrogs
  10 gnoll sergeants
  2 scorpions
  16 wights
  Dowan (D:5)
  11 killer bees
  9 howler monkeys
  5 hounds
  A quasit (Abyss:3)
  2 jellies
  6 gnoll boudas
  7 orc priests
  6 iguanas
  11 orc wizards
  7 adders
  31 gnolls
  A shadow imp (D:7)
  5 white imps
  2 ufetubi
  2 worms
  2 dart slugs
  36 orcs
  3 endoplasms
  10 hobgoblins
  18 kobolds
  4 quokkas
  7 ball pythons
  10 bats
  A frilled lizard (D:2)
  15 goblins
  A goblin zombie (D:12)
  An orc skeleton (D:12)
  An orc zombie (D:12)
  4 rats
375 creatures vanquished.

Vanquished Creatures (others)
  A sky beast (D:7)
  11 fungi
  A lurking horror (Abyss:3)
  7 plants
  4 starspawn tentacles (Abyss:3)
24 creatures vanquished.

Grand Total: 399 creatures vanquished

Notes
Turn   | Place    | Note
-------+----------+-------------------------------------------
     0 | D:5      | Esekla the Vine Stalker Delver began the quest for the Orb.
     0 | D:5      | Reached XP level 1. HP: 11/11 MP: 2/2
    20 | D:5      | Found Farroxif's Fabulous Fripperies.
    38 | D:5      | Noticed an iguana
    61 | D:5      | Noticed Duvessa
   105 | D:5      | Noticed an orc priest
   186 | D:6      | Noticed a scorpion
   216 | D:6      | Noticed a howler monkey
   222 | D:6      | Found a staircase to the Ecumenical Temple.
   235 | Temple   | Entered the Ecumenical Temple
   240 | Temple   | Became a worshipper of Vehumet
   352 | D:6      | Reached XP level 2. HP: 16/16 MP: 3/3
   397 | D:6      | Noticed a phantom
   450 | D:3      | Reached XP level 3. HP: 9/19 MP: 2/5
   588 | D:3      | Found a faded altar of an unknown god.
   589 | D:3      | Noticed a golden eye
   591 | D:3      | Noticed a shining eye
   591 | D:3      | Noticed an eye of devastation
   591 | D:3      | Noticed a golden eye
   654 | D:3      | Found Queghit's Armour Emporium.
   702 | D:2      | Reached skill level 1 in Spellcasting
   862 | D:1      | Found Hywniwn's Distillery.
   866 | D:1      | Gained mutation: Your natural rate of healing is unusually
                  | fast. [Vine Stalker growth]
   866 | D:1      | Reached XP level 4. HP: 22/24 MP: 5/7
   908 | D:1      | Bought a potion of degeneration for 13 gold pieces
   936 | D:1      | Reached * piety under Vehumet
   936 | D:1      | Offered knowledge of Shock by Vehumet.
   980 | D:1      | Found Tudedosh's Weapon Emporium.
  1093 | D:1      | Learned a level 3 spell: Vampiric Draining
  1121 | D:1      | Found Sumuorud's Magic Scroll Shop.
  1129 | D:1      | Bought a scroll of identify for 26 gold pieces
  1490 | D:2      | Found an ancient bone altar of Kikubaaqudgha.
  1636 | D:1      | Bought 2 scrolls of teleportation for 78 gold pieces
  1698 | D:3      | Noticed Sigmund
  1970 | D:3      | Reached XP level 5. HP: 23/28 MP: 5/8
  2108 | D:3      | Killed Sigmund
  2109 | D:3      | Reached skill level 1 in Armour
  2109 | D:3      | Reached skill level 2 in Spellcasting
  2109 | D:3      | Reached skill level 1 in Necromancy
  2109 | D:3      | Reached XP level 6. HP: 29/32 MP: 7/10
  2453 | D:4      | Offered knowledge of Poisonous Vapours by Vehumet.
  2457 | D:4      | Learned a level 2 spell: Poisonous Vapours
  2474 | D:5      | Noticed Dowan
  2569 | D:4      | Found a burning altar of Makhleb.
  2597 | D:4      | Reached ** piety under Vehumet
  2876 | D:6      | Reached XP level 7. HP: 36/36 MP: 11/11
  3170 | D:4      | Gained mutation: You are robust. (+10% HP) [potion of
                  | mutation]
  3170 | D:4      | Gained mutation: Your flesh is cold resistant. (rC+)
                  | [potion of mutation]
  3170 | D:4      | Gained mutation: Your flesh is very cold resistant. (rC++)
                  | [potion of mutation]
  3170 | D:4      | Gained mutation: You are agile. (Dex +4, Str/Int -1)
                  | [potion of mutation]
  3180 | D:4      | Found a sacrificial altar of Ru.
  3225 | D:4      | Reached skill level 1 in Poison Magic
  3458 | D:1      | Bought a potion of might for 52 gold pieces
  3939 | D:5      | Reached skill level 1 in Air Magic
  4357 | D:1      | Bought a scroll of identify for 26 gold pieces
  4494 | D:5      | Killed Duvessa
  4591 | D:5      | Killed Dowan
  4674 | D:5      | Gained mutation: You have razor-sharp teeth. [Vine Stalker
                  | growth]
  4674 | D:5      | Reached XP level 8. HP: 44/44 MP: 11/13
  4754 | D:6      | Offered knowledge of Inner Flame by Vehumet.
  4755 | D:6      | Reached skill level 3 in Spellcasting
  4866 | D:1      | Bought a scroll of identify for 26 gold pieces
  5056 | D:6      | Noticed Pikel
  5102 | D:6      | Killed Pikel
  5103 | D:6      | Reached skill level 5 in Long Blades
  5103 | D:6      | Reached skill level 1 in Throwing
  5384 | D:6      | Reached *** piety under Vehumet
  5439 | D:6      | Reached XP level 9. HP: 49/49 MP: 15/15
  5508 | Temple   | Reached skill level 4 in Spellcasting
  5863 | D:7      | Offered knowledge of Airstrike by Vehumet.
  5869 | D:7      | Learned a level 4 spell: Airstrike
  6120 | D:7      | Found Osuty's Weapon Emporium.
  6180 | D:7      | Found Buufio's Jewellery Shoppe.
  6189 | D:7      | Found Gaocia's Antique Weapon Shoppe.
  6434 | D:7      | Found Itanodui's Antique Armour Shoppe.
  6484 | D:7      | Reached **** piety under Vehumet
  6686 | D:7      | Reached skill level 1 in Short Blades
  7049 | D:7      | Offered knowledge of Frozen Ramparts by Vehumet.
  7054 | D:7      | Learned a level 3 spell: Frozen Ramparts
  7583 | D:8      | Reached skill level 5 in Spellcasting
  7725 | D:8      | Identified the +5 whip of the Chain {freeze, Fly Str+4
                  | Int-5}
  7765 | D:8      | Reached skill level 1 in Staves
  7765 | D:8      | Reached XP level 10. HP: 53/53 MP: 19/19
  7977 | D:9      | Reached skill level 6 in Spellcasting
  8114 | D:9      | Reached skill level 1 in Ice Magic
  8214 | D:9      | Found a flagged portal.
  8225 | Bailey   | Entered a bailey
  8411 | Bailey   | Reached skill level 1 in Evocations
  8776 | Bailey   | Reached skill level 5 in Air Magic
  8838 | Bailey   | Reached skill level 5 in Necromancy
  8845 | Bailey   | Reached ***** piety under Vehumet
  9191 | D:9      | Offered knowledge of Iskenderun's Mystic Blast by Vehumet.
 10015 | D:9      | Reached skill level 7 in Spellcasting
 10015 | D:9      | Reached XP level 11. HP: 37/59 MP: 15/22
 10610 | D:10     | Entered Level 10 of the Dungeon
 10801 | D:10     | Noticed a two-headed ogre
 10807 | D:10     | Killed a two-headed ogre
 11557 | D:10     | Found a staircase to the Lair.
 11802 | D:10     | Found Soff's Jewellery Shoppe.
 12009 | D:3      | Bought a +2 troll leather armour for 270 gold pieces
 12166 | Lair:1   | Entered Level 1 of the Lair of Beasts
 12368 | Lair:1   | Noticed a catoblepas
 12402 | D:10     | Killed a catoblepas
 12607 | D:10     | Reached skill level 8 in Spellcasting
 12749 | Lair:1   | Reached skill level 5 in Fighting
 12751 | Lair:1   | Reached XP level 12. HP: 61/66 MP: 21/25
 12899 | Lair:1   | Reached skill level 9 in Spellcasting
 13648 | D:7      | Bought an amulet of magic regeneration for 420 gold pieces
 13811 | Lair:2   | Found a staircase to the Snake Pit.
 14130 | Lair:2   | Found a staircase to the Shoals.
 14141 | Lair:2   | Offered knowledge of Arcjolt by Vehumet.
 14151 | Lair:2   | Learned a level 5 spell: Arcjolt
 14300 | Lair:2   | You fall into a shaft and drop 1 floor!
 14564 | Lair:2   | Reached skill level 10 in Spellcasting
 14564 | Lair:2   | Reached skill level 1 in Conjurations
 15226 | D:11     | Noticed a boulder beetle
 15243 | D:11     | Killed a boulder beetle
 15521 | D:11     | Noticed a two-headed ogre
 15527 | D:11     | Killed a two-headed ogre
 15528 | D:11     | Reached XP level 13. HP: 70/70 MP: 28/28
 15539 | D:11     | Learned a level 5 spell: Irradiate
 15746 | D:11     | Noticed a vault guard
 15760 | D:11     | Killed a vault guard
 15761 | D:11     | Reached skill level 10 in Long Blades
 15771 | D:11     | Found a portal to a secret trove of treasure.
 16073 | D:12     | Reached skill level 1 in Transmutations
 16262 | D:12     | Found a staircase to the Orcish Mines.
 16312 | D:12     | Noticed Sonja
 16421 | D:12     | Found Xaamniul's Weapon Boutique.
 16547 | Abyss:2  | Cast into level 2 of the Abyss (Sonja)
 16611 | Abyss:3  | Noticed an entropy weaver
 16635 | Abyss:3  | Killed an entropy weaver
 16661 | Abyss:3  | Noticed a tentacled starspawn
 16685 | Abyss:3  | Killed a tentacled starspawn
 16686 | Abyss:3  | Reached skill level 11 in Spellcasting
 16753 | Abyss:3  | Noticed a tentacled starspawn
 16764 | Abyss:3  | Killed a tentacled starspawn
 16773 | Abyss:3  | Killed a ghost moth
 16776 | Abyss:3  | Noticed a starcursed mass
 16776 | Abyss:3  | Noticed a starcursed mass
 16863 | Abyss:3  | Got an abyssal rune of Zot
 16868 | Abyss:3  | Slain by a ghost moth

Illustrated notes

Levels and vault maps discovered:
D:1:      scummos_arrival_forest, layout_rooms, serial_shops,
          nicolae_shop_waterfront, shop_fountains, shop, nicolae_wormholes
D:2:      layout_rooms, basic_altar, minmay_ruptured
D:3:      layout_basic, hellmonk_ecumenical_altar_watching_god, serial_shops,
          shop, kennysheep_generic_room_7, uniq_sigmund
D:4:      layout_basic, mainiacjoe_overflow_six_doors_small, kennysheep_mini
D:5:      layout_cave_pools, dreamdust_mushroom_princess, minmay_fountain_box,
          minmay_misc_feat_doors, nicolae_alphabet_shops,
          minmay_splitting_lines, uniq_duvessa
D:6:      layout_loops_ring, temple_pool_b, kennysheep_generic_room_15,
          uniq_pikel
D:7:      corexii_shantytown, layout_basic, serial_shops, kennysheep_little_box,
          shop, nicolae_square_shop, shop
D:8:      layout_basic
D:9:      minmay_weird_star, layout_basic, enter_bailey_2
D:10:     layout_basic, lair_entry_dummy, serial_shops, kennysheep_mini_moat
D:11:     layout_roguey, enter_trove_5, minivault_16
D:12:     layout_basic, zombieorc2_lemuel, serial_shops,
          nicolae_shop_hallway_plus, minmay_starry_boxes, uniq_sonja
Temple:   nicolae_temple_bog_church
Lair:1:   layout_gridlike, lemuel_fruit_tree, grunt_megastairs_4
Lair:2:   layout_roguey, nicolae_shoals_entry_roost, nicolae_snake_entry_squirm,
          infiniplex_staircase_pool_2, serial_bayou_shore_a, grunt_megastairs_5
Lair:3:   lemuel_slime, layout_chaotic_city, serial_bayou_shore_b
Abyss:3:  base: D:14, guppyfry_abyss_exit_spiral_guarded,
          nicolae_abyss_rune_left_handed, patterned_corridor

Skill      XL: |  1  2  3  4  5  6  7  8  9 10 11 12 13 |
---------------+----------------------------------------+-----
Long Blades    | 2 3 4 5 6 7 8 9 10 | 10.4
Fighting       | 3 4 5 |  5.9
Spellcasting   | 1 2 3 5 7 8 10 11 | 11.2
Armour         | 1 2 3 4 |  4.2
Stealth        | 7 |  7.1
Necromancy     | 1 2 3 4 5 6 7 8 |  8.0
Dodging        | 2 3 4 |  4.4
Poison Magic   | 1 3 4 |  4.1
Air Magic      | 1 2 4 5 6 |  6.3
Throwing       | 1 2 3 |  3.5
Short Blades   | 1 |  1.6
Staves         | 1 |  1.1
Ice Magic      | 2 3 4 |  4.9
Evocations     | 1 |  1.1
Conjurations   | 2 3 |  3.1
Transmutations | 2 |  2.4

Action                     |  1- 3 |  4- 6 |  7- 9 | 10-12 | 13-15 || total
---------------------------+-------+-------+-------+-------+-------++-------
  Melee: Falchion          |    43 |   124 |   212 |       |       ||   379
         Bite              |    11 |    27 |    88 |   212 |    64 ||   402
         Dagger            |     3 |    15 |    27 |    59 |    17 ||   121
         Punch             |     1 |       |     4 |    10 |     3 ||    18
         Staff             |       |       |    13 |       |       ||    13
         Scimitar          |       |       |    11 |   198 |       ||   209
         Unarmed           |       |       |     1 |       |       ||     1
         Spear             |       |       |       |    10 |       ||    10
         Long sword        |       |       |       |   237 |   132 ||   369
  Throw: Dart              |       |       |    17 |    54 |       ||    71
         Boomerang         |       |       |       |    36 |     6 ||    42
   Cast: Poisonous Vapours |       |       |    14 |    15 |     3 ||    32
         Vampiric Draining |       |       |    21 |    37 |     4 ||    62
         Frozen Ramparts   |       |       |     9 |    49 |    16 ||    74
         Airstrike         |       |       |     3 |     6 |       ||     9
         Irradiate         |       |       |       |       |     2 ||     2
         Arcjolt           |       |       |       |       |     1 ||     1
  Evoke: Wand              |       |       |     7 |     4 |     1 ||    12
    Use: Scroll            |     2 |     4 |     8 |    14 |     3 ||    31
         Potion            |     1 |       |     3 |     6 |     3 ||    13
   Stab: Sleeping          |     4 |    15 |    22 |    17 |     5 ||    63
         Distracted        |     1 |     2 |     1 |     1 |       ||     5
 Armour: Leather armour    |    11 |    44 |    47 |    23 |       ||   125
         Skin              |       |       |       |    14 |       ||    14
         Troll leather arm |       |       |       |   101 |    51 ||   152
  Dodge: Dodged            |    29 |    97 |   143 |   390 |   112 ||   771

Table legend: (Time is in decaauts)
 A = Elapsed time spent in this place.
 B = Non-inter-level travel time spent in this place.
 C = Inter-level travel time spent in this place.
 D = Time resting spent in this place.
 E = Time spent auto-exploring this place.
 F = Levels seen in this place.
 G = Mean time per level.
                   A        B        C        D        E       F      G
               +--------+--------+--------+--------+--------+-----+--------+
         Total |  16870 |  15161 |   1709 |   3424 |   3453 |  19 |  887.9 |
       Dungeon |  13105 |  11525 |   1580 |   2260 |   2779 |  12 | 1092.1 |
        Temple |    132 |    127 |      5 |     70 |      0 |   1 |  132.0 |
          Lair |   2397 |   2273 |    124 |    629 |    629 |   3 |  799.0 |
         Abyss |    319 |    319 |      0 |    108 |      0 |   2 |  159.5 |
        Bailey |    916 |    916 |      0 |    355 |     44 |   1 |  916.0 |
               +--------+--------+--------+--------+--------+-----+--------+

Top non-repeatable levels by time:
     D:9: 1879 daAuts
    D:10: 1755 daAuts
     D:7: 1597 daAuts
  Lair:2: 1369 daAuts
     D:4: 1164 daAuts
     D:5: 1161 daAuts
     D:3: 1154 daAuts
  Lair:1: 987 daAuts
     D:6: 950 daAuts
  Bailey: 916 daAuts
     D:8: 831 daAuts
    D:11: 788 daAuts
     D:2: 649 daAuts
     D:1: 647 daAuts
    D:12: 526 daAuts
